 Dungeon Crawl Stone Soup version 0.28-a0-706-gf6f64a616a (webtiles) character file.

Game seed: 6656940538240397981

239 ytrimaz the Covered (level 6, -1/48 HPs)
             Began as a Formicid Fighter on Oct 24, 2021.
             Slain by an iguana (10 damage)
             ... on level 4 of the Dungeon.
             The game lasted 00:04:06 (3399 turns).

ytrimaz the Covered (Formicid Fighter)              Turns: 3399, Time: 00:04:07

Health: -1/48      AC:  8    Str: 21    XL:     6   Next: 29%
Magic:  6/6        EV:  9    Int:  7    God:
Gold:   139        SH:  4    Dex: 10    Spells: 5/5 levels left

rFire   + + .      SeeInvis +   h - +3 dagger (venom)
rCold   + . .      Faith    .   c - +0 buckler
rNeg    . . .      Spirit   .   b - +0 scale mail
rPois   .          Reflect  .   (helmet unavailable)
rElec   .          Harm     .   j - scarf {rC+ rF+}
rCorr   .          Rampage  .   l - +0 pair of gloves
Will    .....                   (no boots)
Stlth   ..........              (no amulet)
HPRegen 0.16/turn               (no ring)
MPRegen 0.10/turn               (no ring)

@: no status effects
A: permanent stasis, dig shafts and tunnels, antennae 3, four strong arms, fire
resistance 1, weak 1, wild magic 1
a: Dig, Shaft Self


You were on level 4 of the Dungeon.
You visited 1 branch of the dungeon, and saw 4 of its levels.

You collected 139 gold pieces.

Inventory:

Hand Weapons
 a - a +1 war axe
 f - a +2 mace of holy wrath
 h - a +3 dagger of venom (weapon)
Armour
 b - a +0 scale mail (worn)
 c - a +0 buckler (worn)
 j - a scarf of resistance (worn)
 l - a +0 pair of gloves (worn)
Potions
 d - a potion of might
 e - 4 potions of curing
 g - a potion of heal wounds
 i - 2 potions of haste


   Skills:
 + Level 4.2 Fighting
 + Level 4.5 Axes
 + Level 4.9 Armour
 - Level 3.6 Shields


You had 5 spell levels left.
You didn't know any spells.
Your spell library contained the following spells:

 Spells                   Type           Power      Damage    Failure   Level
 Call Canine Familiar     Summ           0%         N/A       99%         3
 Portal Projectile        Hex/Tloc       0%         N/A       99%         3
 Leda's Liquefaction      Hex/Erth       0%         N/A       100%        4


Dungeon Overview and Level Annotations

Branches:
Dungeon (4/15)
 Temple: D:4-7

Altars:
Ru


Innate Abilities, Weirdness & Mutations

You cannot be hasted, slowed, berserked, paralysed or teleported.
You can dig through walls and to a lower floor.
You have a pair of large antennae on your head. (SInv)
Your four strong arms can wield two-handed weapons with a shield.
Your flesh is heat resistant. (rF+)
You are weak. (Str -2)
Your spells are a little harder to cast, but a little more powerful.


Message History

You dig through the rock wall.
An iguana comes into view.
The iguana bites you but does no damage.
You retract your mandibles.
You closely miss the iguana. The iguana bites you!
You barely miss the iguana.
The iguana bites you but does no damage.
The iguana bites you.
You hit the iguana but do no damage. The iguana bites you.
You barely miss the iguana. The iguana bites you!
You hit the iguana.
The iguana is moderately wounded.
The iguana hisses menacingly.
The iguana bites you.
You hit the iguana.
The iguana is severely wounded.
The iguana bites you but does no damage.
The iguana bites you!
Your +3 dagger of venom begins to drip with poison!
h - a +3 dagger of venom (weapon)
You closely miss the iguana.
The iguana is severely wounded.
The iguana bites you!
* * * LOW HITPOINT WARNING * * *
You hit the iguana.
The iguana is almost dead.
The iguana bites you but does no damage.
You barely miss the iguana.
The iguana is almost dead.
The iguana closely misses you.
You barely miss the iguana.
The iguana is almost dead.
The iguana hisses menacingly.
The iguana closely misses you.
You hit the iguana but do no damage.
The iguana is almost dead.
The iguana barely misses you.
You hit the iguana but do no damage.
The iguana is poisoned.
The iguana is almost dead.
The iguana bites you!
You die...

#.....#.......#.....# ........
#.....+.......#.....# ........
##..#.####..†.##.....# ##+###..
##.###.####....##....†###..###..
##)###..................#.....#..
#.## #..................'.....#..
### #..................#.....#..
##...##....##......##...####
#...##....@#########...##..
#....#....#l...............
#....+....#.............(..
#....#....#................
#...####..###.....#######.. #####
#### ..... ### .... ....


You could see an iguana (very poisoned).

Vanquished Creatures
  A hound (D:4)
  Terence (D:3)
  Natasha (thrice) (D:3)
  4 adders
  A worm (D:3)
  3 dart slugs
  5 orcs
  7 ball pythons
  5 bats
  2 endoplasms
  4 giant cockroaches
  4 goblins
  6 hobgoblins
  2 quokkas
  4 frilled lizards
  3 kobolds
  13 rats
68 creatures vanquished.

Vanquished Creatures (others)
  A fungus (D:3)
1 creature vanquished.

Grand Total: 69 creatures vanquished

Notes
Turn   | Place    | Note
-------+----------+-------------------------------------------
     0 | D:1      | ytrimaz the Formicid Fighter began the quest for the Orb.
     0 | D:1      | Reached XP level 1. HP: 18/18 MP: 1/1
   271 | D:1      | Reached XP level 2. HP: 15/24 MP: 2/2
   889 | D:2      | Reached XP level 3. HP: 29/29 MP: 3/3
  1857 | D:3      | Reached XP level 4. HP: 25/37 MP: 4/4
  2150 | D:3      | Noticed Natasha
  2158 | D:3      | Killed Natasha
  2159 | D:3      | Reached XP level 5. HP: 19/42 MP: 5/5
  2442 | D:3      | Noticed Natasha
  2455 | D:3      | Killed Natasha
  2510 | D:3      | Noticed Natasha
  2520 | D:3      | Killed Natasha
  2826 | D:3      | Found a faded altar of an unknown god.
  2845 | D:3      | Gained mutation: Your body sometimes deteriorates upon
                  | taking damage. [potion of mutation]
  2845 | D:3      | Gained mutation: You are dopey. (Int -2) [potion of
                  | mutation]
  2845 | D:3      | Gained mutation: You are agile. (Dex +2) [potion of
                  | mutation]
  2866 | D:3      | Lost mutation: You are dopey. (Int -2) [potion of mutation]
  2866 | D:3      | Lost mutation: Your body sometimes deteriorates upon taking
                  | damage. [potion of mutation]
  2866 | D:3      | Lost mutation: You are agile. (Dex +2) [potion of mutation]
  2866 | D:3      | Gained mutation: You are weak. (Str -2) [potion of
                  | mutation]
  2866 | D:3      | Gained mutation: Your spells are a little harder to cast,
                  | but a little more powerful. [potion of mutation]
  2866 | D:3      | Gained mutation: Your flesh is heat resistant. (rF+)
                  | [potion of mutation]
  3031 | D:3      | Noticed Terence
  3041 | D:3      | Killed Terence
  3042 | D:3      | Reached XP level 6. HP: 43/48 MP: 6/6
  3271 | D:4      | Found a sacrificial altar of Ru.
  3399 | D:4      | Slain by an iguana

Illustrated notes

Levels and vault maps discovered:
D:1:      onia_arrival_mini_maze, layout_basic, minmay_tiny_reverse_x
D:2:      layout_loops_ring, eino_tiny_chamber, kennysheep_potato
D:3:      layout_basic, shapermc_ecumenical_altar_acropolis, uniq_natasha,
          uniq_terence
D:4:      layout_gridville, mainiacjoe_overflow_cross_hatched,
          minmay_misc_feat_four_crosses, kennysheep_generic_room_13

Skill      XL: |  1  2  3  4  5 |
---------------+----------------+-----
Armour         | 4 |  4.9
Axes           | 3 4 |  4.5
Fighting       | 4 |  4.2
Shields        | |  3.6

Action                   |  1- 3 |  4- 6 || total
-------------------------+-------+-------++-------
Melee: War axe           |   112 |   110 ||   222
       Dagger            |       |     6 ||     6
 Abil: Dig               |       |     2 ||     2
  Use: Scroll            |    11 |     2 ||    13
       Potion            |       |     2 ||     2
Armor: Scale mail        |    65 |    52 ||   117
Dodge: Dodged            |    67 |    49 ||   116
Block: Buckler           |    33 |    14 ||    47

Table legend: (Time is in decaauts)
 A = Elapsed time spent in this place.
 B = Non-inter-level travel time spent in this place.
 C = Inter-level travel time spent in this place.
 D = Time resting spent in this place.
 E = Time spent auto-exploring this place.
 F = Levels seen in this place.
 G = Mean time per level.
                   A        B        C        D        E       F      G
               +--------+--------+--------+--------+--------+-----+--------+
         Total |   3476 |   3317 |    159 |    484 |   1996 |   4 |  869.0 |
       Dungeon |   3476 |   3317 |    159 |    484 |   1996 |   4 |  869.0 |
               +--------+--------+--------+--------+--------+-----+--------+

Top non-repeatable levels by time:
     D:2: 1192 daAuts
     D:3: 1172 daAuts
     D:1: 878 daAuts
     D:4: 233 daAuts
